drae, chaotic female elven Wizard ------ ------------- |.....@ |...........| |$...|# #.........<..| |..>.|# ###--.-----|---- --|---### # # # ## # --------------- ### # ################### # ### |.............| # # -------.---- # |..............########### ### |..........| ##..............| # |..........| --------------- ### |..........| | # ### ##...........| . -|----# # |..........| ! |....|########|.>........| [ |....| # ------------ * |....-##### ? |..#.| %+) |.*..| ----- |....| ------ drae the Conjurer Experience level: 4 Strength: 12 Dexterity: 14 Constitution: 10 Intelligence: 18 Wisdom: 12 Charisma: 10 Health: 0(28) Energy: 27(48) Def: 1 Gold: 0 Moves: 2048 Dungeon seed: EaiflDkusatNN8qa Game ID: drae_1464274056 Your Inventory: Amulets E - a cursed amulet of change Weapons a - a blessed +1 quarterstaff (weapon in hands) o - a cursed -2 bow w - an uncursed +0 elven dagger z - 9 uncursed +0 silver arrows Armor e - an uncursed +0 cloak of magic resistance (being worn) Comestibles v - 2 uncursed food rations A - an uncursed fortune cookie Scrolls i - an uncursed scroll of remove curse j - an uncursed scroll of enchant armor k - an uncursed scroll of identify p - an uncursed scroll of destroy armor x - a blessed scroll of light B - an uncursed scroll of punishment Spellbooks l - a blessed spellbook of force bolt m - an uncursed spellbook of blank paper y - an uncursed spellbook of haste self Potions f - an uncursed potion of blindness g - an uncursed potion of healing h - an uncursed potion of fruit juice Rings c - an uncursed ring of conflict d - an uncursed +2 ring of gain constitution Wands b - an uncursed wand of sleep (0:8) Tools n - an uncursed leather drum u - an uncursed towel C - an uncursed skeleton key Gems q - an uncursed worthless piece of blue glass Spells and supernatural/magical abilities: Name Level Category Fail Memory a - force bolt 1 attack 0% 90% k - knock 1 matter 0% 90% W - pray for help -- divine ? -- Your skills at the end: Fighting Skills Weapon Skills quarterstaff [Basic] Spellcasting Skills attack spells [Basic] enchantment spells [Basic] Final Attributes: You were devoutly aligned. You were sleep resistant. You were magic-protected. You were telepathic. You had infravision. You are dead. Vanquished creatures: 2 floating eyes 2 wererats a coyote a hobbit 2 manes a large kobold 3 giant rats 2 cave spiders a green mold a gnome 2 geckos 2 jackals a fox 2 kobolds a goblin 2 sewer rats 2 grid bugs 2 bats 3 lichens 6 newts 39 creatures vanquished. Voluntary challenges: You were an atheist. You used a wielded weapon 24 times, starting on turn 29. You read items or engraved 2 times, starting on turn 626. You never genocided any monsters. You never polymorphed an object. You never changed form. You used no wishes. You never split a pudding. You never wrote Elbereth's name. You violated your moral code, losing 1 point of alignment, starting on turn 2034. Dungeon overview: The Dungeons of Doom: levels 1 to 5 Level 1 a long staircase Level 2 a potion shop, a fountain Level 3 a fountain Level 4 <- You were here a general store, a sink stairs to The Gnomish Mines Level 5 The Gnomish Mines: Level 5 stairs to The Dungeons of Doom History has recorded: On T:1 you entered the Dungeons of Doom to retrieve the Amulet of Yendor! On T:535 you advanced to experience level 2. On T:556 you reached level 2 of The Dungeons of Doom. On T:624 you reached level 3 of The Dungeons of Doom. On T:1045 you reached level 4 of The Dungeons of Doom. On T:1348 you advanced to experience level 3. On T:1715 you advanced to experience level 4. On T:1785 you reached level 1 of The Gnomish Mines. On T:2027 you reached level 5 of The Dungeons of Doom. Score breakdown: Gold: 0 ( 0 points) Experience: 4 levels ( 9649 points) Exploration: 5 levels ( 10.00%) ( 8571 points) Discoveries: 1 item ( 0.36%) ( 1805 points) Valuables value: (no points given unless you survive) Artifact value: 0 ( 0 points) Variety of kills: 20 monsters ( 5.25%) ( 6873 points) Turncount: 2048 turns ( -36 points) Survival: died (score multiplied by 80%) Total score: 21489 Latest messages: You don't have that object. You don't have that object. You don't have that object. You don't have that object. You don't have that object. You don't have that object. You don't have that object. You don't have that object. Never mind. Possogroenoe hits! You die... Possogroenoe takes all your possessions. Final status: Goodbye drae the Wizard, killed by a Ms. Possogroenoe, the shopkeeper... You died in The Dungeons of Doom on dungeon level 4 with 21489 points, and 0 pieces of gold, after 2048 moves. You were level 4 with a maximum of 28 hit points when you died.